 Dungeon Crawl Stone Soup version 0.28-a0-1629-gf728b707aa (webtiles) character file.

Game seed: 7495187063863067340

35 HallandMoats the Skirmisher (level 3, -1/33 HPs)
             Began as a Ghoul Fighter on Jan 25, 2022.
             Was a Follower of Wu Jian.
             Slain by a gnoll (2 damage)
             ... on level 2 of the Dungeon.
             The game lasted 00:01:09 (1314 turns).

HallandMoats the Skirmisher (Ghoul Fighter)         Turns: 1314, Time: 00:01:10

Health: -1/33      AC: 12    Str: 19    XL:     3   Next: 35%
Magic:  2/3        EV:  5    Int:  5    God:    Wu Jian [*.....]
Gold:   22         SH:  4    Dex:  8    Spells: 2/2 levels left

rFire   . . .      SeeInvis .     - Unarmed
rCold   + . .      Faith    .   b - +0 buckler
rNeg    + + +      Spirit   .   f - +0 plate armour
rPois   ∞          Reflect  .   (no helmet)
rElec   .          Harm     .   d - +0 cloak
rCorr   .          Rampage  .   (no gloves)
Will    .....                   (no boots)
Stlth   ..........              (no amulet)
HPRegen 0.00/turn               (no ring)
MPRegen 0.08/turn               (no ring)

@: inhibited regen
A: claws 1, cold resistance 1, negative energy resistance 3, inhibited
regeneration, torment resistance 2
a: Renounce Religion


You were on level 2 of the Dungeon.
You worshipped Wu Jian.
Wu Jian was aware of your devotion.
You visited 1 branch of the dungeon, and saw 2 of its levels.

You collected 22 gold pieces.

Inventory:

Armour
 b - a +0 buckler (worn)
 d - a +0 cloak (worn)
 f - a +0 plate armour (worn)
Scrolls
 a - a scroll of blinking {unknown}
 e - a scroll of identify {unknown}
 g - a scroll of enchant weapon {unknown}
Potions
 c - 2 potions of might
 h - a potion of brilliance {unknown}


   Skills:
 * Level 3.8 Fighting
 + Level 2.9 Armour
 + Level 0.6 Dodging
 + Level 2.9 Shields
 - Level 2.1 Unarmed Combat
 * Level 1.4 Invocations


You had 2 spell levels left.
You didn't know any spells.
Your spell library contained the following spells:

 Spells                   Type           Power      Damage    Failure   Level
 Ensorcelled Hibernation  Hex/Ice        0%         N/A       100%        2
 Passwall                 Tmut/Erth      0%         N/A       100%        2
 Swiftness                Air            0%         N/A       100%        3
 Conjure Ball Lightning   Conj/Air       0%         3x3d6     100%        6
 Discord                  Hex            0%         N/A       100%        8
 Disjunction              Tloc           0%         N/A       100%        8


Dungeon Overview and Level Annotations

Branches:
Dungeon (2/15)

Altars:
Wu Jian


Innate Abilities, Weirdness & Mutations

You thrive by killing the living.
You are immune to poison.
You have sharp fingernails.
Your flesh is cold resistant. (rC+)
You are immune to negative energy. (rN+++)
You do not regenerate when monsters are visible.
You are immune to unholy pain and torment.


Message History

The gnoll barely misses you.
The gnoll hits you from afar with a +0 spear.
The gnoll throws a throwing net.
The throwing net hits you.
You become entangled in the net!
You see here a throwing net.
You struggle against the net.
The gnoll hits you with a +0 club. The gnoll hits you but does no damage.
You tear a large gash into the net.
The gnoll hits you from afar with a +0 spear.
You rip the net and break free!
The gnoll hits you but does no damage.
The gnoll hits you from afar with a +0 spear.
You spin and attack the gnoll.
You closely miss the gnoll.
The gnoll is severely wounded.
The gnoll completely misses you. The gnoll hits you but does no damage.
You spin and attack the gnoll.
You scratch the gnoll.
The gnoll is almost dead.
The gnoll barely misses you.
You spin and attack the gnoll.
You scratch the gnoll.
You kill the gnoll!
The Council accepts your kill.
The gnoll hits you from afar with a +0 spear.
You lunge at the gnoll.
You barely miss the gnoll. The gnoll hits you but does no damage.
You spin and attack the gnoll.
You scratch the gnoll but do no damage. The gnoll hits you but does no damage.
The gnoll barely misses you.
You spin and attack the gnoll.
You barely miss the gnoll. The gnoll barely misses you.
The gnoll hits you from afar with a +0 spear.
The endoplasm freezes you.
You are frozen.
You resist.
* * * LOW HITPOINT WARNING * * *
You spin and attack the gnoll.
You closely miss the gnoll. The gnoll hits you with a +0 club.
* * * LOW HITPOINT WARNING * * *
The gnoll hits you with a +0 spear.
* * * LOW HITPOINT WARNING * * *
You spin and attack the gnoll.
You scratch the gnoll but do no damage. The gnoll hits you but does no damage.
The gnoll hits you from afar with a +0 spear.
You die...

#.#..##..##..##...#
#...####....####..## ###.##
##..## ##.... ##...## #..#
##..### # #.....###..###......
#. #.####.#.#..........#..##
#.. ....#.#.#..........#.## #.#
#.......###..###...# #.#
###...>@.## #..# ##..#
#.###.#)Jgg.## #..# ##.###
####..#.#...g..## .... ##....
#....Jg###......##..##..##.....
##.8.8g##
##.##...............## #..._g.#
##..........######.##
##......## ##.########## #...
.........###.## #####.##
####.#.##.#.## #.).†.##


You could see 3 gnolls and an endoplasm.

Vanquished Creatures
  2 gnolls
  2 ball pythons (D:1)
  A bat (D:1)
  3 endoplasms (D:1)
  2 goblins (D:1)
  A hobgoblin (D:2)
  2 jackals (D:1)
  A rat (D:1)
14 creatures vanquished.

Notes
Turn   | Place    | Note
-------+----------+-------------------------------------------
     0 | D:1      | HallandMoats the Ghoul Fighter began the quest for the Orb.
     0 | D:1      | Reached XP level 1. HP: 19/19 MP: 0/0
   161 | D:1      | Reached XP level 2. HP: 26/26 MP: 1/1
   783 | D:1      | Reached skill level 1 in Invocations
   783 | D:1      | Reached XP level 3. HP: 3/33 MP: 2/2
  1282 | D:2      | Found a faded altar of an unknown god.
  1290 | D:2      | Prayed at the altar of an unknown god.
  1290 | D:2      | Became a worshipper of the Wu Jian Council
  1290 | D:2      | Reached * piety under Wu Jian
  1312 | D:2      | HP: 1/33 [gnoll (2)]
  1314 | D:2      | Slain by a gnoll

Illustrated notes

Levels and vault maps discovered:
D:1:      minmay_arrival_nine_rooms, layout_basic, corexii_leaking_fountain,
          chequers_serial_rivers_micro_b
D:2:      layout_loops_ring, dreamdust_ecumenical_altar_statues, basic_altar,
          palyth_stone_intersect, grunt_decor_arrowhead

Skill      XL: |  1  2 |
---------------+-------+-----
Invocations    | 1 |  1.4
Fighting       | |  3.8
Armour         | |  2.9
Dodging        | |  0.6
Shields        | |  2.9
Unarmed Combat | |  2.1

Action                   || total
-------------------------++-------
Melee: Unarmed           ||    58
Invok: Whirlwind         ||    10
       Lunge             ||     1
Armor: Scale mail        ||    18
       Plate armour      ||     9
Dodge: Dodged            ||    24
Block: Buckler           ||    10

Table legend: (Time is in decaauts)
 A = Elapsed time spent in this place.
 B = Non-inter-level travel time spent in this place.
 C = Inter-level travel time spent in this place.
 D = Time resting spent in this place.
 E = Time spent auto-exploring this place.
 F = Levels seen in this place.
 G = Mean time per level.
                   A        B        C        D        E       F      G
               +--------+--------+--------+--------+--------+-----+--------+
         Total |   1314 |   1294 |     20 |      0 |   1147 |   2 |  657.0 |
       Dungeon |   1314 |   1294 |     20 |      0 |   1147 |   2 |  657.0 |
               +--------+--------+--------+--------+--------+-----+--------+

Top non-repeatable levels by time:
     D:1: 1169 daAuts
     D:2: 144 daAuts
